 Dungeon Crawl Stone Soup version 0.29-a0-617-g7a6b98fccd (webtiles) character file.

Game seed: 17714098123128913387

8062 wilfster70 the Warmonger (level 11, 0/89 HPs)
             Began as a Black Draconian Ice Elementalist on June 18, 2022.
             Was a High Priest of Okawaru.
             Shot with an arrow by a centaur warrior (10 damage)
             ... on level 10 of the Dungeon.
             The game lasted 00:36:28 (12767 turns).

wilfster70 the Warmonger (DrIE)                    Turns: 12767, Time: 00:36:29

Health: 0/89       AC:  7    Str: 17    XL:     11   Next: 5%
Magic:  21/29      EV: 14    Int: 19    God:    Okawaru [*****.]
Gold:   663        SH:  0    Dex: 12    Spells: 8/22 levels left

rFire   . . .      SeeInvis .   a - +2 short sword (venom)
rCold   . . .      Faith    .   (no shield)
rNeg    . . .      Spirit   .   (body armour unavailable)
rPois   .          Reflect  .   (helmet restricted)
rElec   +          Harm     .   (no cloak)
rCorr   .          Rampage  .   (no gloves)
Will    .....                   (no boots)
Stlth   +++.......              z - amulet of regeneration
HPRegen 1.04/turn               f - +6 ring of strength
MPRegen 0.21/turn               A - ring of magical power

@: heroic
A: breathe lightning, AC +7, unfitting armour, electricity resistance,
cold-blooded
a: Breathe Lightning, Renounce Religion, Heroism, Finesse, Duel


You were on level 10 of the Dungeon.
You worshipped Okawaru.
Okawaru was extremely pleased with you.
You visited 2 branches of the dungeon, and saw 11 of its levels.

You collected 702 gold pieces.
You spent 39 gold pieces at shops.

Inventory:

Hand Weapons
 a - a +2 short sword of venom (weapon)
 b - a +1 hunting sling
Missiles
 e - 346 stones (quivered)
 i - 38 poisoned darts
 x - 12 boomerangs
 E - 5 javelins
Jewellery
 f - a +6 ring of strength (left hand)
 y - a ring of protection from fire
 z - an amulet of regeneration (around neck)
 A - a ring of magical power (right hand)
 C - a ring of flight
Wands
 n - a wand of paralysis (25)
 r - a wand of flame (6)
 s - a wand of polymorph (4)
Scrolls
 d - 7 scrolls of teleportation
 g - a scroll of summoning
 j - a scroll of immolation
 t - a scroll of silence
 u - a scroll of blinking
Potions
 c - 2 potions of magic
 h - a potion of cancellation {unknown}
 k - a potion of invisibility {unknown}
 l - 2 potions of lignification
 m - 3 potions of flight
 o - a potion of curing
 p - 3 potions of brilliance {unknown}
 q - 2 potions of heal wounds {unknown}
 v - 2 potions of resistance {unknown}
 w - 2 potions of attraction {unknown}
 B - a potion of haste {unknown}
 D - 4 potions of mutation {unknown}


   Skills:
 - Level 6.0(11.0) Fighting
 - Level 4.0(9.0) Slings
 - Level 1.7(6.7) Dodging
 - Level 1.7(6.7) Stealth
 - Level 6.0 Spellcasting
 - Level 6.0 Conjurations
 + Level 6.8 Transmutations
 - Level 6.0 Ice Magic
 + Level 5.6 Earth Magic
 - Level 7.7 Invocations


You had 8 spell levels left.
You knew the following spells:

 Your Spells              Type           Power      Damage    Failure   Level
a - Searing Ray           Conj           56%        2d6       1%          2
b - Frozen Ramparts       Ice            56%        1d7       2%          3
c - Ozocubu's Armour      Ice            28%        N/A       2%          3
d - Statue Form           Tmut/Erth      19%        N/A       80%         6

Your spell library contained the following spells:

 Spells                   Type           Power      Damage    Failure   Level
 Freeze                   Ice            100%       1d11      1%          1
 Magic Dart               Conj           100%       1d8       1%          1
 Passwall                 Tmut/Erth      24%        N/A       1%          2
 Ensorcelled Hibernation  Hex/Ice        34%        N/A       4%          2
 Hailstorm                Conj/Ice       28%        3d8       10%         4
 Apportation              Tloc           10%        N/A       11%         1
 Necrotize                Necr           20%        1d5       11%         1
 Poisonous Vapours        Pois/Air       10%        N/A       17%         2
 Lee's Rapid Deconstruct  Erth           13%        3d10*     30%         5
 Gell's Gravitas          Tloc           5%         N/A       32%         3
 Inner Flame              Hex/Fire       5%         N/A       32%         3
 Swiftness                Air            5%         N/A       32%         3
 Teleport Other           Tloc           5%         N/A       32%         3
 Fulminant Prism          Conj/Hex       8%         3d7       32%         4
 Leda's Liquefaction      Hex/Erth       8%         N/A       34%         4
 Cause Fear               Hex            2%         N/A       73%         4
 Corpse Rot               Necr/Pois/Air  5%         N/A       73%         4
 Ozocubu's Refrigeration  Ice            14%        4d7       100%        7
 Discord                  Hex            2%         N/A       100%        8
 Disjunction              Tloc           2%         N/A       100%        8
 Summon Small Mammal      Summ           Unusable   N/A       N/A         1
 Summon Forest            Summ/Tloc      Unusable   N/A       N/A         5

Dungeon Overview and Level Annotations

Branches:
Dungeon (10/15)            Temple (1/1) D:5
   Lair: D:8-11         Orc: D:9-12

Altars:
Ashenzari
Cheibriados
Dithmenos
Elyvilon
Fedhas
Gozag
Hepliaklqana
Kikubaaqudgha
Makhleb
Nemelex Xobeh
Okawaru
Qazlal
Ru
Sif Muna
Trog
Uskayaw
Vehumet
Wu Jian
Xom
Yredelemnul
Zin
The Shining One

Shops:
D:5 *   D:6 (

Annotations:
D:4 1 runed translucent door, exclusion: door, spanik's ghost, amateur FoAK
D:8 exclusion: downstairs


Innate Abilities, Weirdness & Mutations

You can breathe wild blasts of lightning.
Your glossy black scales are hard. (AC +7)
You cannot fit into any form of body armour.
You are resistant to electric shocks. (rElec)
You are cold-blooded and may be slowed by cold attacks.


Message History

It stops glowing.
The centaur warrior wields a +0 longbow.
The centaur warrior shoots an arrow.
The arrow closely misses you.
The wall freezes the kobold brigand.
The kobold brigand throws a poisoned dart.
The poisoned dart hits you!
You are poisoned.
You feel very sick.
The wall freezes the centaur warrior.
The centaur warrior shoots an arrow.
The arrow hits you!!
The wall freezes the kobold brigand.
You kill the kobold brigand!
Okawaru accepts your kill.
The wall freezes the centaur warrior.
The centaur warrior shoots an arrow.
The arrow hits you!
You feel sick.
The wall freezes the centaur warrior.
The centaur warrior shoots an arrow.
The arrow hits you!!
* * * LOW HITPOINT WARNING * * *
Your icy armour and frozen ramparts will break if you move.
Continue?
Uppercase [Y]es or [N]o only, please.
Your icy armour and frozen ramparts will break if you move.
Continue?
Okay, then.
Unknown command.
Unknown command.
Unknown command.
You feel better.
The wall freezes the centaur warrior.
The centaur warrior shoots an arrow.
The arrow hits you.
The wall freezes the centaur warrior.
The centaur warrior shoots an arrow.
The arrow hits you!
* * * LOW HITPOINT WARNING * * *
Your icy armour and frozen ramparts will break if you move.
Continue?
Your icy armour cracks and falls away as you move.
The frozen ramparts melt away as you move.
The centaur warrior shoots an arrow.
The arrow hits you!!
* * * LOW HITPOINT WARNING * * *
Things that are here:
a +0 troll leather armour; a yak corpse; a troll corpse You feel better.
The centaur warrior shoots an arrow.
The arrow barely misses you.
The centaur warrior shoots an arrow.
The arrow hits you!
You die...

## #. #.. .. #..#
#..###.# #..# #..
.)c ######..# #.#
#.# ...#...###.#
#@# ###.........#
#(#
#...........###.##
#...........##...#
##.<.........##.#.#
#######....#.##.#.#
........####.##.#.#
######### #[##.#.#
........# #<.#.#.#


You could see a centaur warrior.

Vanquished Creatures
  A two-headed ogre (D:9)
  Psyche (D:9)
  2 trolls (D:10)
  A hornet (D:9)
  A shadow (D:9)
  11 yaks
  A vampire mosquito (D:10)
  A water moccasin (D:9)
  An acid dragon (D:9)
  Pargi (D:3)
  2 orc warriors
  3 ice beasts
  3 black bears
  A hornet zombie (D:8)
  4 centaurs
  A phantom (D:5)
  4 kobold brigands
  4 bullfrogs
  3 necrophages
  2 scorpions
  7 wights (D:8)
  13 killer bees
  A howler monkey (D:6)
  6 jellies
  11 orc priests
  4 hounds
  A human zombie (D:8)
  A gnoll shaman (D:7)
  An iguana (D:6)
  13 orc wizards
  2 killer bee zombies (D:8)
  3 mummies (D:8)
  5 adders
  8 gnolls
  2 shadow imps (D:5)
  2 white imps
  2 ufetubi
  2 worms
  2 dart slugs
  57 orcs
  8 bats
  6 endoplasms
  2 giant cockroaches
  8 goblins
  3 hobgoblins
  21 kobolds
  6 quokkas
  9 ball pythons
  4 frilled lizards
  6 rats
264 creatures vanquished.

Vanquished Creatures (others)
  An orc wizard (D:9)
1 creature vanquished.

Grand Total: 265 creatures vanquished

Notes
Turn   | Place    | Note
-------+----------+-------------------------------------------
     0 | D:1      | wilfster70 the Draconian Ice Elementalist began the quest
                  | for the Orb.
     0 | D:1      | Reached XP level 1. HP: 14/14 MP: 3/3
   251 | D:1      | Reached XP level 2. HP: 18/20 MP: 0/5
   610 | D:1      | Found a faded altar of an unknown god.
  1181 | D:2      | Reached XP level 3. HP: 25/26 MP: 5/7
  1185 | D:2      | Learned a level 3 spell: Frozen Ramparts
  1189 | D:2      | Learned a level 3 spell: Ozocubu's Armour
  1399 | D:2      | Got the Compendium of Creation and the Compass
  2666 | D:3      | Reached skill level 5 in Ice Magic
  2666 | D:3      | Reached XP level 4. HP: 23/33 MP: 3/9
  2769 | D:3      | Reached XP level 5. HP: 24/38 MP: 1/10
  3362 | D:3      | Noticed Pargi
  3371 | D:3      | Killed Pargi
  3372 | D:3      | Reached XP level 6. HP: 32/45 MP: 4/13
  3853 | D:3      | Found a blossoming altar of Fedhas.
  4002 | D:4      | Reached skill level 5 in Spellcasting
  4074 | D:4      | Found a stormy altar of Qazlal.
  4192 | D:4      | You fall into a shaft and drop 3 floors!
  4586 | D:7      | Your scales start taking on a glossy black colour.
  4586 | D:7      | Reached XP level 7. HP: 37/50 MP: 9/15
  4586 | D:7      | Gained mutation: You are resistant to electric shocks.
                  | (rElec) [Black Draconian growth]
  4726 | D:7      | Reached skill level 1 in Fighting
  4749 | D:6      | Found Foogafao's Weapon Emporium.
  4939 | D:5      | Entered Level 5 of the Dungeon
  4939 | D:5      | Found Appiuv's General Store.
  4942 | D:5      | Bought a scroll of teleportation for 39 gold pieces
  5091 | D:3      | Found a snail-covered altar of Cheibriados.
  5716 | D:4      | Found a runed translucent door.
  6087 | D:4      | Noticed spanik's ghost (amateur FoAK)
  6599 | D:5      | Reached skill level 5 in Fighting
  6601 | D:5      | Reached XP level 8. HP: 60/69 MP: 14/17
  6629 | D:5      | Found a staircase to the Ecumenical Temple.
  6645 | Temple   | Entered the Ecumenical Temple
  6715 | Temple   | Became a worshipper of Warmaster Okawaru
  6737 | D:5      | Reached skill level 1 in Invocations
  6755 | D:5      | Reached skill level 2 in Invocations
  6777 | D:5      | Reached skill level 3 in Invocations
  6936 | D:5      | Reached skill level 4 in Invocations
  6984 | D:5      | Found a bloodstained altar of Trog.
  7132 | D:5      | Reached skill level 5 in Invocations
  7643 | D:5      | Reached skill level 6 in Invocations
  7862 | D:5      | Found a sacrificial altar of Ru.
  7971 | D:6      | Reached * piety under Okawaru
  7981 | D:6      | Reached skill level 7 in Invocations
  7987 | D:6      | Reached XP level 9. HP: 25/75 MP: 15/18
  7995 | D:6      | Reached skill level 1 in Slings
  8194 | D:6      | Found a radiant altar of Vehumet.
  8287 | D:6      | Found an ornate altar of the Wu Jian Council.
  8432 | D:6      | Reached ** piety under Okawaru
  9254 | D:7      | Learned a level 2 spell: Searing Ray
  9422 | D:7      | Reached skill level 1 in Conjurations
  9709 | D:7      | Reached skill level 5 in Conjurations
  9849 | D:8      | Learned a level 6 spell: Statue Form
 10085 | D:8      | Reached skill level 1 in Transmutations
 10090 | D:8      | Reached skill level 1 in Earth Magic
 10238 | D:8      | Reached *** piety under Okawaru
 10247 | D:8      | Reached XP level 10. HP: 72/80 MP: 19/19
 10829 | D:8      | Reached **** piety under Okawaru
 11047 | D:8      | Found an ancient bone altar of Kikubaaqudgha.
 11382 | D:9      | Noticed a two-headed ogre
 11400 | D:9      | Killed a two-headed ogre
 11401 | D:9      | Reached skill level 5 in Transmutations
 11412 | D:9      | Noticed Psyche
 11734 | D:9      | Found a burning altar of Makhleb.
 12136 | D:9      | Killed Psyche
 12136 | D:9      | Reached ***** piety under Okawaru
 12137 | D:9      | Reached skill level 5 in Earth Magic
 12234 | D:9      | Identified the +0 pair of gloves of Vajecofia {Int+4}
 12512 | D:10     | Entered Level 10 of the Dungeon
 12570 | D:10     | Received a gift from Okawaru
 12752 | D:10     | Noticed a centaur warrior
 12754 | D:10     | Reached XP level 11. HP: 71/89 MP: 20/20
 12761 | D:10     | Received a gift from Okawaru
 12766 | D:10     | HP: 2/89 [centaur warrior/arrow (19)]
 12767 | D:10     | Shot with an arrow by a centaur warrior

Illustrated notes

Levels and vault maps discovered:
D:1:      dpeg_arrival_shelter, layout_basic, ebering_ecumenical_altar_abandoned
D:2:      layout_basic, kennysheep_crisscross, roderic_serpentine_path
D:3:      minmay_diamond_boxcup, layout_basic, cheibriados_altar_2,
          mainiacjoe_overflow_alcove_2, uniq_pargi
D:4:      layout_layer_cave, grunt_qazlal_clouds, ebering_ghost_sewer_d
D:5:      layout_basic, marbit_many_paths, nicolae_overflow_crystal_walls,
          minmay_temple_entry_ruins, nicolae_stop_n_shop_2
D:6:      layout_basic, kennysheep_mini_moat, vehumet_crystals, serial_shops,
          nicolae_shop_crystal, kennysheep_small_circle
D:7:      layout_gridville
D:8:      layout_basic, lemuel_mausoleum_altar_kikubaaqudgha
D:9:      layout_loops_cross, lightli_temple_of_fire, uniq_psyche
D:10:     minmay_the_grid_square_5x5_4x4 [minmay_the_grid_square_5x5_shrine1,
          minmay_the_grid_square_5x5_minimal,
          minmay_the_grid_square_5x5_inner_v,
          minmay_the_grid_square_5x5_gyroscope, minmay_the_grid_square_5x5_plus,
          minmay_the_grid_square_5x5_prize_gold,
          minmay_the_grid_square_5x5_prize_open,
          minmay_the_grid_square_5x5_n_small, minmay_the_grid_square_5x5_bridge,
          minmay_the_grid_square_5x5_prize_rear_guard,
          minmay_the_grid_square_5x5_prize_snowflake,
          minmay_the_grid_square_5x5_forky,
          minmay_the_grid_square_5x5_inverted_slash,
          minmay_the_grid_square_5x5_tri_point,
          minmay_the_grid_square_5x5_tetrominoes,
          minmay_the_grid_square_5x5_empty], layout_rooms,
          serial_co_window_serial, co_window_paths_b,
          co_window_of_opportunity_a, co_window_paths_b, co_window_paths_a,
          co_window_corner_a, co_window_broadway_c, co_window_corner_cb,
          co_window_unsneaky_path_a, co_window_unsneaky_path_a,
          co_window_corner_ca, co_window_corner_b, co_window_broadway_b,
          glass_columns_a, glass_columns_b, minmay_misc_feat_rugged,
          hangedman_abyss_or_decor_stabs, uniq_grum
Temple:   nicolae_temple_god_jail

Skill      XL: |  1  2  3  4  5  6  7  8  9 10 |
---------------+-------------------------------+-----
Spellcasting   | 3 4 5 6 |  6.0
Ice Magic      | 5 6 |  6.0
Fighting       | 5 6 |  6.0
Invocations    | 7 |  7.7
Slings         | 4 |  4.0
Conjurations   | 6 |  6.0
Transmutations | 1 6 |  6.8
Earth Magic    | 1 5 |  5.6
Dodging        | |  1.7
Stealth        | |  1.7

Action                   |  1- 3 |  4- 6 |  7- 9 | 10-12 || total
-------------------------+-------+-------+-------+-------++-------
Melee: Short sword       |     1 |    10 |   140 |   221 ||   372
       Tailslap          |       |     1 |    27 |    42 ||    70
       Punch             |       |       |     3 |     4 ||     7
 Fire: Hunting sling     |    56 |    28 |    89 |       ||   173
Throw: Dart              |       |       |       |     4 ||     4
 Cast: Freeze            |    39 |    31 |    13 |       ||    83
       Frozen Ramparts   |     3 |    19 |    62 |    32 ||   116
       Ozocubu's Armour  |       |       |     7 |    14 ||    21
Invok: Heroism           |       |       |     2 |     7 ||     9
 Abil: Breathe Lightning |       |       |     4 |     1 ||     5
  Use: Scroll            |     4 |     1 |    11 |       ||    16
       Potion            |       |       |     1 |     2 ||     3
 Stab: Sleeping          |       |     1 |       |     2 ||     3
Armor: Skin              |    14 |    18 |   112 |    80 ||   224
Dodge: Dodged            |    31 |    32 |   188 |   136 ||   387

Table legend: (Time is in decaauts)
 A = Elapsed time spent in this place.
 B = Non-inter-level travel time spent in this place.
 C = Inter-level travel time spent in this place.
 D = Time resting spent in this place.
 E = Time spent auto-exploring this place.
 F = Levels seen in this place.
 G = Mean time per level.
                   A        B        C        D        E       F      G
               +--------+--------+--------+--------+--------+-----+--------+
         Total |  12851 |  12424 |    427 |   2680 |   6519 |  11 | 1168.3 |
       Dungeon |  12771 |  12353 |    418 |   2680 |   6519 |  10 | 1277.1 |
        Temple |     79 |     70 |      9 |      0 |      0 |   1 |   79.0 |
               +--------+--------+--------+--------+--------+-----+--------+

Top non-repeatable levels by time:
     D:4: 1694 daAuts
     D:8: 1623 daAuts
     D:3: 1570 daAuts
     D:2: 1534 daAuts
     D:5: 1349 daAuts
     D:7: 1331 daAuts
     D:6: 1277 daAuts
     D:9: 1120 daAuts
     D:1: 1017 daAuts
    D:10: 252 daAuts
  Temple: 79 daAuts
